| TOP OF THE 1ST |
|
Managua Lagoon Monsters batting - Pitching for San Juan Pitorros : RHP Lee Smith
|
|
Pitching: RHP Lee Smith
|
|
|
Batting: LHB Gerald Perry
|
0-0: Called Strike 0-1: Ball 1-1: Ball 2-1: Called Strike 2-2: Ball 3-2: Foul Ball, location: 2F 3-2: Fly out, F7 (Flyball, 7S, EV 86.3 MPH)
|
|
Batting: LHB Tony Ramirez
|
0-0: Called Strike 0-1: Ball 1-1: Reached on error, E3 (Groundball, 3L, EV 86.3 MPH)
|
|
Batting: RHB Randy Ready
|
0-0: Ball 1-0: Ball Tony Ramirez steals 2nd base 2-0: Foul Ball, location: 2F 2-1: Ball 3-1: Base on Balls
|
|
Batting: RHB Marty Castillo
|
0-0: Ball 1-0: Ball 2-0: Ball 3-0: Base on Balls Tony Ramirez to third Randy Ready to second
|
|
Batting: SHB Wallace Johnson
|
0-0: Ball 1-0: Called Strike 1-1: Swinging Strike 1-2: Ball 2-2: Ball 3-2: Foul Ball, location: 2F 3-2: SINGLE (Line Drive, 56, EV 106.9 MPH) Tony Ramirez scores Randy Ready to third Marty Castillo to second
|
|
Batting: LHB Steven Fortune
|
0-0: Ball 1-0: Grounds into double play, 4-6-3 (Groundball, 4, EV 86.3 MPH)
|
| Top of the 1st over - 1 run, 1 hit, 1 error, 2 left on base; Managua 1 - San Juan 0 |
| BOTTOM OF THE 1ST |
|
San Juan Pitorros batting - Pitching for Managua Lagoon Monsters : RHP Bud Anderson
|
|
Pitching: RHP Bud Anderson
|
|
|
Batting: SHB UL Washington
|
0-0: Ball 1-0: Called Strike 1-1: Swinging Strike 1-2: Ball 2-2: SINGLE (Line Drive, 9S, EV 104.4 MPH)
|
|
Batting: SHB Ted Wilborn
|
0-0: Called Strike 0-1: Called Strike 0-2: Grounds into double play, 6-4-3 (Groundball, 6, EV 86.3 MPH)
|
|
Batting: RHB Mike A Marshall
|
0-0: Ball 1-0: Called Strike 1-1: Foul Ball, location: 2F 1-2: Foul Ball, location: 2F 1-2: Strikes out swinging
|
| Bottom of the 1st over - 0 runs, 1 hit, 0 errors, 0 left on base; Managua 1 - San Juan 0 |
| TOP OF THE 2ND |
|
Managua Lagoon Monsters batting - Pitching for San Juan Pitorros : RHP Lee Smith
|
|
Batting: LHB Jerold Johnston
|
0-0: Swinging Strike 0-1: Foul Ball, location: 2F 0-2: Ball 1-2: Strikes out swinging
|
|
Batting: RHB Gene Menees
|
0-0: SINGLE (Flyball, 8RS, EV 90.6 MPH)
|
|
Batting: RHB Randall Bonner
|
0-0: Called Strike 0-1: Called Strike 0-2: Ball 1-2: Strikes out swinging
|
|
Batting: LHB Gerald Perry
|
0-0: Ball 1-0: Ball 2-0: Ball 3-0: Base on Balls Gene Menees to second
|
|
Batting: LHB Tony Ramirez
|
0-0: Ball 1-0: DOUBLE (Line Drive, 78M, EV 93.8 MPH) Gene Menees scores Gerald Perry to third Runner from 3rd tries for Home, SAFE, no throw by CF
|
|
Batting: RHB Randy Ready
|
0-0: Foul Ball, location: 2F 0-1: Swinging Strike 0-2: Ball 1-2: Ball 2-2: Ball 3-2: Foul Ball, location: 2F 3-2: SINGLE (Groundball, 4MD, EV 103.8 MPH) Tony Ramirez to third Tony Ramirez scores
|
|
Batting: RHB Marty Castillo
|
0-0: Ball 1-0: Foul Ball, location: 2F 1-1: Ground out 4-3 (Groundball, 34, EV 108.8 MPH)
|
| Top of the 2nd over - 3 runs, 3 hits, 0 errors, 1 left on base; Managua 4 - San Juan 0 |
| BOTTOM OF THE 2ND |
|
San Juan Pitorros batting - Pitching for Managua Lagoon Monsters : RHP Bud Anderson
|
|
Batting: RHB Robert Gilles
|
0-0: Ball 1-0: Called Strike 1-1: Ball 2-1: Ball 3-1: Foul Ball, location: 2F 3-2: Base on Balls
|
|
Batting: SHB Kevin King
|
0-0: Ball 1-0: Called Strike 1-1: Foul Ball, location: 2F 1-2: Foul Ball, location: 2F 1-2: Fly out, F8 (Flyball, 8LD, EV 100.0 MPH)
|
|
Batting: RHB Brian Harper
|
0-0: Ball 1-0: Called Strike 1-1: Foul Ball, location: 2F 1-2: Ball 2-2: Ball 3-2: Fly out, F8 (Flyball, 8RM, EV 88.1 MPH)
|
|
Batting: LHB Steve Christmas
|
0-0: Ball 1-0: Ball 2-0: Ball 3-0: Base on Balls Robert Gilles to second
|
|
Batting: RHB George Hinshaw
|
0-0: Called Strike 0-1: Hit by Pitch Robert Gilles to third Steve Christmas to second
|
|
Batting: RHB Chris Brown
|
0-0: Fielders Choice at 2nd, 5-4 (Groundball, 56, EV 103.1 MPH)
|
| Bottom of the 2nd over - 0 runs, 0 hits, 0 errors, 3 left on base; Managua 4 - San Juan 0 |
| TOP OF THE 3RD |
|
Managua Lagoon Monsters batting - Pitching for San Juan Pitorros : RHP Lee Smith
|
|
Batting: SHB Wallace Johnson
|
0-0: Called Strike 0-1: Ball 1-1: Ball 2-1: SINGLE (Line Drive, 7LS, EV 96.3 MPH)
|
|
Batting: LHB Steven Fortune
|
0-0: Ball 1-0: Ball 2-0: Called Strike Wallace Johnson steals 2nd base 2-1: Foul Ball, location: 2F 2-2: Ball 3-2: Base on Balls
|
|
Batting: LHB Jerold Johnston
|
0-0: Foul Ball, location: 2F 0-1: Ball Wild Pitch! Wallace Johnson to third Steven Fortune to second 1-1: Ball 2-1: Foul Ball, location: 2F 2-2: Ball 3-2: Ground out 1-6-3 (Groundball, 15S, EV 104.4 MPH) Wallace Johnson scores Steven Fortune to third
|
|
Batting: RHB Gene Menees
|
0-0: Ball 1-0: Called Strike 1-1: Foul Ball, location: 2F 1-2: DOUBLE (Line Drive, 9LD, EV 101.9 MPH) Steven Fortune scores
|
|
Batting: RHB Randall Bonner
|
0-0: Fly out, F6 (Popup, 6M, EV 71.9 MPH)
|
|
Batting: LHB Gerald Perry
|
0-0: Ground out 5-3 (Groundball, 5, EV 88.8 MPH)
|
| Top of the 3rd over - 2 runs, 2 hits, 0 errors, 1 left on base; Managua 6 - San Juan 0 |
| BOTTOM OF THE 3RD |
|
San Juan Pitorros batting - Pitching for Managua Lagoon Monsters : RHP Bud Anderson
|
|
Batting: SHB UL Washington
|
0-0: Swinging Strike 0-1: Ball 1-1: Ground out 4-3 (Groundball, 4, EV 105.6 MPH)
|
|
Batting: SHB Ted Wilborn
|
0-0: Fly out, F7 (Flyball, 7D, EV 107.5 MPH)
|
|
Batting: RHB Mike A Marshall
|
0-0: Ball 1-0: Ball 2-0: Foul Ball, location: 2F 2-1: Fly out, F8 (Flyball, 8LS, EV 88.1 MPH)
|
| Bottom of the 3rd over - 0 runs, 0 hits, 0 errors, 0 left on base; Managua 6 - San Juan 0 |
| TOP OF THE 4TH |
|
Managua Lagoon Monsters batting - Pitching for San Juan Pitorros : RHP Lee Smith
|
|
Pitching: RHP Bob Shirley
|
|
|
Batting: LHB Tony Ramirez
|
0-0: Ball 1-0: Ball 2-0: Foul Ball, location: 2F 2-1: Foul Ball, location: 2F 2-2: Ball 3-2: Foul Ball, location: 2F 3-2: Base on Balls
|
|
Batting: RHB Randy Ready
|
0-0: Foul Ball, location: 2F 0-1: Fly out, F7 (Flyball, 7S, EV 88.8 MPH)
|
|
Batting: RHB Marty Castillo
|
0-0: Ball 1-0: Foul Ball, location: 2F 1-1: SINGLE (Groundball, 6MD, EV 102.5 MPH) Tony Ramirez to second Runner from 2nd tries for 3rd, SAFE, no throw by CF
|
|
Batting: SHB Wallace Johnson
|
0-0: Foul Ball, location: 2F 0-1: SINGLE (Line Drive, 3L, EV 99.4 MPH) Tony Ramirez scores Marty Castillo to second Runner from 2nd tries for 3rd, SAFE, no throw by RF
|
|
Batting: LHB Steven Fortune
|
0-0: Fly out, F9 (Flyball, 9D, EV 108.1 MPH) Runner from 3rd tags up, SCORES, throw by RF
|
|
Batting: LHB Jerold Johnston
|
0-0: Foul Ball, location: 2F 0-1: Ball Wild Pitch! Wallace Johnson to second 1-1: Reached on error, E6 (Groundball, 6, EV 106.3 MPH) Wallace Johnson scores
|
|
Batting: RHB Gene Menees
|
0-0: Swinging Strike 0-1: Foul Ball, location: 2F 0-2: Ball 1-2: Ball 2-2: Strikes out swinging
|
| Top of the 4th over - 3 runs, 2 hits, 1 error, 1 left on base; Managua 9 - San Juan 0 |
| BOTTOM OF THE 4TH |
|
San Juan Pitorros batting - Pitching for Managua Lagoon Monsters : RHP Bud Anderson
|
|
Batting: RHB Robert Gilles
|
0-0: Called Strike 0-1: Ground out 6-3 (Groundball, 6, EV 91.3 MPH)
|
|
Batting: SHB Kevin King
|
0-0: Ball 1-0: Foul Ball, location: 2F 1-1: Fly out, F7 (Flyball, 7, EV 86.9 MPH)
|
|
Batting: RHB Brian Harper
|
0-0: Ball 1-0: Ball 2-0: Foul Ball, location: 2F 2-1: Fly out, F9 (Flyball, 89M, EV 95.0 MPH)
|
| Bottom of the 4th over - 0 runs, 0 hits, 0 errors, 0 left on base; Managua 9 - San Juan 0 |
| TOP OF THE 5TH |
|
Managua Lagoon Monsters batting - Pitching for San Juan Pitorros : RHP Bob Shirley
|
|
Batting: RHB Randall Bonner
|
0-0: Foul Ball, location: 2F 0-1: Called Strike 0-2: Ball 1-2: Ball 2-2: Fly out, F7 (Flyball, 78D, EV 112.5 MPH)
|
|
Batting: LHB Gerald Perry
|
0-0: Ball 1-0: Swinging Strike 1-1: Swinging Strike 1-2: Ground out 4-3 (Groundball, 4, EV 88.1 MPH)
|
|
Batting: LHB Tony Ramirez
|
0-0: Ball 1-0: Foul Ball, location: 2F 1-1: Foul Ball, location: 2F 1-2: Ball 2-2: Foul Ball, location: 2F 2-2: Ball 3-2: Foul Ball, location: 2F 3-2: Strikes out swinging
|
| Top of the 5th over - 0 runs, 0 hits, 0 errors, 0 left on base; Managua 9 - San Juan 0 |
| BOTTOM OF THE 5TH |
|
San Juan Pitorros batting - Pitching for Managua Lagoon Monsters : RHP Bud Anderson
|
|
Batting: LHB Steve Christmas
|
0-0: Fly out, F8 (Flyball, 8LM, EV 82.5 MPH)
|
|
Batting: RHB George Hinshaw
|
0-0: Ground out 5-3 (Groundball, 56S, EV 80.6 MPH)
|
|
Batting: RHB Chris Brown
|
0-0: Fly out, F8 (Flyball, 89D, EV 86.9 MPH)
|
| Bottom of the 5th over - 0 runs, 0 hits, 0 errors, 0 left on base; Managua 9 - San Juan 0 |
| TOP OF THE 6TH |
|
Managua Lagoon Monsters batting - Pitching for San Juan Pitorros : RHP Bob Shirley
|
|
Pitching: RHP Mike Morgan
|
|
|
Batting: RHB Randy Ready
|
0-0: Ball 1-0: Ground out U3 (Groundball, 3, EV 85.0 MPH)
|
|
Batting: RHB Marty Castillo
|
0-0: Swinging Strike 0-1: Called Strike 0-2: Ball 1-2: Fly out, F8 (Flyball, 8RD, EV 95.6 MPH)
|
|
Batting: SHB Wallace Johnson
|
0-0: Ball 1-0: Called Strike 1-1: Ground out 4-3 (Groundball, 34, EV 81.3 MPH)
|
| Top of the 6th over - 0 runs, 0 hits, 0 errors, 0 left on base; Managua 9 - San Juan 0 |
| BOTTOM OF THE 6TH |
|
San Juan Pitorros batting - Pitching for Managua Lagoon Monsters : RHP Bud Anderson
|
|
Batting: SHB UL Washington
|
0-0: Ball 1-0: Fly out, F5 (Popup, 56, EV 53.8 MPH)
|
|
Batting: SHB Ted Wilborn
|
0-0: Ball 1-0: Ball 2-0: Ball 3-0: Base on Balls
|
|
Batting: RHB Mike A Marshall
|
0-0: Called Strike 0-1: Ball Ted Wilborn steals 2nd base (no throw) 1-1: Fly out, F8 (Flyball, 8LD, EV 83.1 MPH)
|
|
Batting: RHB Robert Gilles
|
0-0: Ball 1-0: Foul Ball, location: 2F 1-1: Ball 2-1: Fly out, F8 (Flyball, 8RM, EV 91.9 MPH)
|
| Bottom of the 6th over - 0 runs, 0 hits, 0 errors, 1 left on base; Managua 9 - San Juan 0 |
| TOP OF THE 7TH |
|
Managua Lagoon Monsters batting - Pitching for San Juan Pitorros : RHP Mike Morgan
|
|
Batting: LHB Steven Fortune
|
0-0: Called Strike 0-1: Foul Ball, location: 2F 0-2: Ball 1-2: Foul Ball, location: 2F 1-2: Strikes out swinging
|
|
Batting: LHB Jerold Johnston
|
0-0: Ball 1-0: Ground out 4-3 (Groundball, 4, EV 83.1 MPH)
|
|
Batting: RHB Gene Menees
|
0-0: Ground out 6-3 (Groundball, 6, EV 91.9 MPH)
|
| Top of the 7th over - 0 runs, 0 hits, 0 errors, 0 left on base; Managua 9 - San Juan 0 |
| BOTTOM OF THE 7TH |
|
San Juan Pitorros batting - Pitching for Managua Lagoon Monsters : RHP Bud Anderson
|
|
Batting: SHB Kevin King
|
0-0: Ball 1-0: Fly out, F9 (Flyball, 9, EV 77.5 MPH)
|
|
Batting: RHB Brian Harper
|
0-0: Ball 1-0: Foul Ball, location: 2F 1-1: Called Strike 1-2: Ball 2-2: Ball 3-2: Fly out, F9 (Flyball, 9LS, EV 88.8 MPH)
|
|
Batting: LHB Steve Christmas
|
0-0: Called Strike 0-1: Ball 1-1: Ball 2-1: Ball 3-1: Base on Balls
|
|
Batting: RHB George Hinshaw
|
0-0: Called Strike 0-1: Fielders Choice at 2nd, 6-4 (Groundball, 6, EV 92.5 MPH)
|
| Bottom of the 7th over - 0 runs, 0 hits, 0 errors, 1 left on base; Managua 9 - San Juan 0 |
| TOP OF THE 8TH |
|
Managua Lagoon Monsters batting - Pitching for San Juan Pitorros : RHP Mike Morgan
|
|
Batting: RHB Randall Bonner
|
0-0: Ball 1-0: Called Strike 1-1: SINGLE (Groundball, 6D, EV 103.8 MPH)
|
|
Batting: LHB Gerald Perry
|
0-0: Called Strike 0-1: Ball 1-1: Swinging Strike 1-2: Strikes out looking
|
|
Batting: LHB Tony Ramirez
|
0-0: Ball 1-0: Fly out, F7 (Flyball, 7LD, EV 95.0 MPH)
|
|
Batting: RHB Randy Ready
|
0-0: Swinging Strike 0-1: Foul Ball, location: 2F 0-2: Ball 1-2: Ball 2-2: Ball 3-2: Fly out, F8 (Flyball, 8RM, EV 88.8 MPH)
|
| Top of the 8th over - 0 runs, 1 hit, 0 errors, 1 left on base; Managua 9 - San Juan 0 |
| BOTTOM OF THE 8TH |
|
San Juan Pitorros batting - Pitching for Managua Lagoon Monsters : RHP Bud Anderson
|
|
Batting: RHB Chris Brown
|
0-0: Ball 1-0: Swinging Strike 1-1: Ball 2-1: Fly out, F8 (Flyball, 8LM, EV 81.9 MPH)
|
|
Batting: SHB UL Washington
|
0-0: Ball 1-0: Called Strike 1-1: Ball 2-1: Ball 3-1: Base on Balls
|
|
Batting: SHB Ted Wilborn
|
0-0: SINGLE (Line Drive, 7LS, EV 103.8 MPH) UL Washington to second
|
|
Batting: RHB Mike A Marshall
|
0-0: Foul Ball, location: 2F 0-1: Swinging Strike 0-2: Ball 1-2: Strikes out swinging
|
|
Batting: RHB Robert Gilles
|
0-0: Ball 1-0: Ball 2-0: Ball 3-0: Called Strike 3-1: Base on Balls UL Washington to third Ted Wilborn to second
|
|
Batting: SHB Kevin King
|
0-0: Ball 1-0: Called Strike 1-1: Ball 2-1: Fly out, F8 (Flyball, 8RS, EV 78.1 MPH)
|
| Bottom of the 8th over - 0 runs, 1 hit, 0 errors, 3 left on base; Managua 9 - San Juan 0 |
| TOP OF THE 9TH |
|
Managua Lagoon Monsters batting - Pitching for San Juan Pitorros : RHP Mike Morgan
|
|
Batting: RHB Marty Castillo
|
0-0: Ball 1-0: Swinging Strike 1-1: Foul Ball, location: 2F 1-2: Foul Ball, location: 2F 1-2: Fly out, F8 (Flyball, 8RS, EV 93.8 MPH)
|
|
Batting: SHB Wallace Johnson
|
0-0: Called Strike 0-1: Foul Ball, location: 2F 0-2: Foul Ball, location: 2F 0-2: Foul Ball, location: 2F 0-2: SINGLE (Line Drive, 6M, EV 98.1 MPH)
|
|
Batting: LHB Steven Fortune
|
0-0: Ball 1-0: Ball 2-0: Foul Ball, location: 2F 2-1: Swinging Strike 2-2: Strikes out swinging
|
|
Batting: LHB Jerold Johnston
|
0-0: Ball 1-0: Called Strike 1-1: Ball 2-1: Foul Ball, location: 2F 2-2: Foul Ball, location: 2F 2-2: Foul Ball, location: 2F 2-2: Fielders Choice at 2nd, 6-4 (Groundball, 6, EV 86.9 MPH)
|
| Top of the 9th over - 0 runs, 1 hit, 0 errors, 1 left on base; Managua 9 - San Juan 0 |
| BOTTOM OF THE 9TH |
|
San Juan Pitorros batting - Pitching for Managua Lagoon Monsters : RHP Bud Anderson
|
|
Batting: RHB Brian Harper
|
0-0: Ball 1-0: Foul Ball, location: 2F 1-1: Ball 2-1: Ball 3-1: Base on Balls
|
|
Batting: LHB Steve Christmas
|
0-0: Ball 1-0: Fly out, F8 (Flyball, 8RM, EV 87.5 MPH)
|
|
Batting: RHB George Hinshaw
|
0-0: Swinging Strike 0-1: Fly out, F9 (Flyball, 89S, EV 88.1 MPH)
|
|
Batting: RHB Chris Brown
|
0-0: Ball 1-0: Ball 2-0: Ball 3-0: Base on Balls Brian Harper to second
|
|
Batting: SHB UL Washington
|
0-0: Ball 1-0: Called Strike 1-1: Ball 2-1: Fly out, F7 (Flyball, 78S, EV 71.3 MPH)
|
| Bottom of the 9th over - 0 runs, 0 hits, 0 errors, 2 left on base; Managua 9 - San Juan 0 |
|